 Seeded DCSS version 0.29-a0-1009-g60c99734e7 (webtiles) character file.

Game seed: 1 (custom seed)

222 Kazon the Cudgeller (level 5, -2/49 HPs)
             Began as a Gargoyle Berserker on Aug 8, 2022.
             Was a Believer of Trog.
             Slain by an orc
             ... wielding a +0 trident
              (6 damage)
             ... on level 3 of the Dungeon.
             The game lasted 00:11:34 (2623 turns).

Kazon the Cudgeller (Gargoyle Berserker)            Turns: 2623, Time: 00:11:35

Health: -2/49      AC: 15    Str: 20    XL:     5   Next: 99%
Magic:  5/5        EV:  6    Int:  8    God:    Trog [**....]
Gold:   106        SH:  0    Dex: 11    Spells: 4/4 levels left

rFire   . . .      SeeInvis +   a - +1 flail (vorpal)
rCold   . . .      Faith    .   (no shield)
rNeg    + . .      Spirit   .   k - +0 plate armour
rPois   ∞          Reflect  .   (helmet restricted)
rElec   +          Harm     .   (no cloak)
rCorr   .          Rampage  .   (no gloves)
Will    ++...                   (no boots)
Stlth   ..........              (no amulet)
HPRegen 1.16/turn               u - ring of see invisible
MPRegen 0.09/turn               (no ring)

@: berserking, strong-willed, regenerating, very quick
A: sickness immunity, AC +4, negative energy resistance 1, electricity
resistance, torment resistance 1, petrification resistance, horns 1
a: Renounce Religion, Berserk, Trog's Hand


You were on level 3 of the Dungeon.
You worshipped Trog.
Trog was pleased with you.
You visited 1 branch of the dungeon, and saw 4 of its levels.

You collected 106 gold pieces.

Inventory:

Hand Weapons
 a - a +1 vorpal flail (weapon)
 w - a +0 arbalest
Missiles
 l - 2 poisoned darts
 m - 3 boomerangs
 o - 14 stones (quivered)
Armour
 k - a +0 plate armour (worn)
Jewellery
 f - a ring of ice
 u - a ring of see invisible (left hand)
Scrolls
 b - 2 scrolls of blinking {unknown}
 d - 2 scrolls of identify {unknown}
 g - a scroll of magic mapping {unknown}
 i - a scroll of torment {unknown}
 r - a scroll of enchant weapon {unknown}
 t - 2 scrolls of poison {unknown}
Potions
 e - a potion of might {unknown}
 h - 2 potions of heal wounds {unknown}
 j - 3 potions of curing
 n - a potion of berserk rage {unknown}
 p - a potion of invisibility {unknown}
 q - a potion of brilliance {unknown}
 s - a potion of flight {unknown}
 v - 2 potions of cancellation {unknown}


   Skills:
 + Level 3.9 Fighting
 + Level 4.4 Maces & Flails
 + Level 2.6 Ranged Weapons
 + Level 0.1 Throwing
 + Level 2.7 Armour
 * Level 2.3 Dodging
 * Level 1.0 Stealth


You had 4 spell levels left.
You didn't know any spells.
Your spell library was empty.

Dungeon Overview and Level Annotations

Branches:
Dungeon (4/15)
 Temple: D:4-7

Altars:

Shops:
D:2 [


Innate Abilities, Weirdness & Mutations

You are immune to sickness and miasma.
Your stone body is resilient. (AC +4)
You are immune to poison.
You resist negative energy. (rN+)
You are resistant to electric shocks. (rElec)
You are resistant to unholy torment.
You are immune to petrification.
You have a pair of small horns on your head.


Message History

The orc hits you but does no damage.
The orc shouts!
You hit the orc. Your headbutt misses the orc.
The orc is severely wounded.
The orc hits you but does no damage. The orc closely misses you.
You sock the orc!
You kill the orc!
Trog accepts your kill. The orc hits you but does no damage.
You barely miss the orc priest. You headbutt the orc priest.
The orc priest is moderately wounded.
The orc hits you from afar with a +0 trident.
The orc priest hits you with a +0 short sword.
You sock the orc priest!
You kill the orc priest!
Trog accepts your kill. The orc hits you but does no damage. x2
The orc hits you from afar with a +0 trident.
Your Stealth skill increases to level 1!
You thump the orc!
You kill the orc!
Trog accepts your kill.
The orc hits you from afar with a +0 trident.
* * * LOW HITPOINT WARNING * * *
You barely miss the orc. Your headbutt misses the orc.
The orc closely misses you. The orc hits you with a +0 hand axe.
* * * LOW HITPOINT WARNING * * *
Your skin crawls.
You feel strong-willed. The orc hits you with a +0 hand axe.
* * * LOW HITPOINT WARNING * * *
The orc hits you but does no damage.
A red film seems to cover your vision as you go berserk!
You feel yourself moving faster!
You feel mighty! The orc barely misses you.
The orc hits you but does no damage.
You sock the orc!
You kill the orc!
Trog accepts your kill.
The orc hits you from afar with a +0 trident.
You die...

##...## #.#
##'## #.# #
#.#####.# ##
#.......# ##.
#######.# #8.
#.# +.. #.#
#8.
#######.##.###
##.
#..)@......).#
##
#[o####.##.#.#
# #..# #.# ..
#..# #.# ...
#..# #.# ##
#..# #.. #oo#
### #..# #.o#


You could see an orc.

Vanquished Creatures
  An orc priest (D:3)
  Terence (D:2)
  6 gnolls (D:3)
  4 adders
  3 worms
  3 dart slugs
  3 orcs (D:3)
  6 ball pythons
  4 endoplasms
  3 giant cockroaches (D:1)
  8 goblins
  2 hobgoblins (D:3)
  5 kobolds
  2 quokkas
  8 bats
  3 rats
62 creatures vanquished.

Notes
Turn   | Place    | Note
-------+----------+-------------------------------------------
     0 | D:1      | Kazon the Gargoyle Berserker began the quest for the Orb.
     0 | D:1      | Reached XP level 1. HP: 14/14 MP: 1/1
   225 | D:1      | Reached XP level 2. HP: 19/19 MP: 2/2
   489 | D:1      | Reached XP level 3. HP: 24/24 MP: 3/3
   674 | D:1      | Found a faded altar of an unknown god.
  1010 | D:2      | Reached ** piety under Trog
  1055 | D:2      | Found Bailloare's Armour Boutique.
  1386 | D:2      | Reached skill level 1 in Ranged Weapons
  1447 | D:2      | Noticed Terence
  1459 | D:2      | Killed Terence
  1460 | D:2      | Reached XP level 4. HP: 15/29 MP: 4/4
  2259 | D:3      | You fall into a shaft and drop 1 floor!
  2292 | D:3      | HP: 1/29 [gnoll/+0 halberd (9)]
  2304 | D:3      | Reached XP level 5. HP: 2/33 MP: 5/5
  2428 | D:3      | Reached skill level 4 in Maces & Flails
  2544 | D:3      | Gained mutation: You have a pair of small horns on your
                  | head. [potion of mutation]
  2619 | D:3      | Reached skill level 1 in Stealth
  2621 | D:3      | HP: 1/33 [orc/+0 hand axe (3)]
  2623 | D:3      | Slain by an orc

Illustrated notes

Levels and vault maps discovered:
D:1:      dpeg_arrival_three_smaller_balls, layout_basic,
          shapermc_ecumenical_altar_mp_urbaneastern, minmay_tetromino_t4
D:2:      layout_basic, serial_shops, shop_fountains, uniq_terence
D:3:      layout_loops_ring, serial_shops, nicolae_shop_window_shopping,
          dk_noncrumbling_3, dk_noncrumbling_4
D:4:      layout_cave_pools, kennysheep_mini

Skill      XL: |  1  2  3  4  5 |
---------------+----------------+-----
Ranged Weapons | 1 2 |  2.6
Dodging        | 2 |  2.3
Maces & Flails | 4 |  4.4
Stealth        | 1 |  1.0
Fighting       | |  3.9
Throwing       | |  0.1
Armour         | |  2.7

Action                   |  1- 3 |  4- 6 || total
-------------------------+-------+-------++-------
Melee: Mace              |    26 |       ||    26
       Flail             |    36 |    85 ||   121
       Headbutt          |       |     2 ||     2
 Fire: Arbalest          |    45 |    16 ||    61
Throw: Stone             |     3 |    12 ||    15
Invok: Trog's Hand       |       |     2 ||     2
       Berserk           |       |     1 ||     1
  Use: Potion            |       |     2 ||     2
Armor: Animal skin       |    17 |       ||    17
       Plate armour      |    45 |    70 ||   115
Dodge: Dodged            |    42 |    31 ||    73

Table legend: (Time is in decaauts)
 A = Elapsed time spent in this place.
 B = Non-inter-level travel time spent in this place.
 C = Inter-level travel time spent in this place.
 D = Time resting spent in this place.
 E = Time spent auto-exploring this place.
 F = Levels seen in this place.
 G = Mean time per level.
                   A        B        C        D        E       F      G
               +--------+--------+--------+--------+--------+-----+--------+
         Total |   2710 |   2565 |    145 |     19 |   1067 |   4 |  677.5 |
       Dungeon |   2710 |   2565 |    145 |     19 |   1067 |   4 |  677.5 |
               +--------+--------+--------+--------+--------+-----+--------+

Top non-repeatable levels by time:
     D:2: 1096 daAuts
     D:1: 1008 daAuts
     D:3: 598 daAuts
     D:4: 7 daAuts
